 Dungeon Crawl Stone Soup version 0.29.1-15-g9cfb28693d (webtiles) character file.

Game seed: 4521975216893746719

6 Ast3rio the Firebug (level 1, -1/10 HPs)
             Began as a Deep Elf Fire Elementalist on Mar 23, 2023.
             Frozen to death by an endoplasm (3 damage)
             ... on level 1 of the Dungeon.
             The game lasted 00:00:53 (236 turns).

Ast3rio the Firebug (Deep Elf Fire Elementalist)     Turns: 236, Time: 00:00:54

Health: -1/10      AC:  3    Str:  5    XL:     1   Next: 75%
Magic:  2/6        EV:  9    Int: 19    God:
Gold:   57         SH:  0    Dex: 15    Spells: 5/6 levels left

rFire   . . .      SeeInvis .   (no weapon)
rCold   . . .      Faith    .   (no shield)
rNeg    . . .      Spirit   .   a - +0 robe
rPois   .          Reflect  .   (no helmet)
rElec   .          Harm     .   (no cloak)
rCorr   .          Rampage  .   (no gloves)
Will    .....                   d - +0 pair of boots
Stlth   ++........              (no amulet)
HPRegen 0.03/turn               (no ring)
MPRegen 0.10/turn               (no ring)

@: constricted
A: no striking features
a: no special abilities


You were on level 1 of the Dungeon.
You visited 1 branch of the dungeon, and saw 1 of its levels.

You collected 57 gold pieces.

Inventory:

Armour
 a - a +0 robe (worn)
 d - a +0 pair of boots (worn)
Jewellery
 c - a +6 ring of dexterity
Scrolls
 f - a scroll of vulnerability {unknown}
Potions
 b - a potion of magic
 e - 2 potions of degeneration {unknown}


   Skills:
 + Level 2.5 Dodging
 + Level 2.4 Stealth
 + Level 3.0 Spellcasting
 + Level 1.1 Conjurations
 + Level 3.7 Fire Magic


You had 5 spell levels left.
You knew the following spells:

 Your Spells              Type           Power      Damage    Failure   Level
a - Foxfire               Conj/Fire      48%        2x1d6     5%          1

Your spell library contained the following spells:

 Spells                   Type           Power      Damage    Failure   Level
 Scorch                   Fire           34%        2d7       4%          2
 Conjure Flame            Conj/Fire      12%        6-21      17%         3
 Inner Flame              Hex/Fire       9%         N/A       22%         3
 Flame Wave               Conj/Fire      12%        2d6       50%         4


Dungeon Overview and Level Annotations

Branches:
Dungeon (1/15)

Altars:


Message History

Casting: Foxfire (safe; 6% risk of failure)
Confirm with . or Enter, or press ? or * to list all spells.
You conjure some foxfire!
The foxfire hits the hobgoblin.
You kill the hobgoblin!
The foxfire hits the kobold.
You kill the kobold!
A ball python comes into view.
An endoplasm comes into view.
The endoplasm quivers.
You see here a +0 dagger.
Casting: Foxfire (safe; 5% risk of failure)
Confirm with . or Enter, or press ? or * to list all spells.
You conjure some foxfire!
The endoplasm closely misses you. The ball python barely misses you.
The ball python closely misses you.
Your foxfire dissipates!
The foxfire hits the endoplasm.
The endoplasm is lightly wounded.
The ball python barely misses you. The ball python closely misses you.
The endoplasm hits you.
You see here a +0 dagger.
The ball python bites you. The ball python misses you.
Casting: Foxfire (safe; 5% risk of failure)
Confirm with . or Enter, or press ? or * to list all spells.
You conjure some foxfire!
The ball python bites you. The ball python closely misses you.
The endoplasm freezes you.
You are frozen.
* * * LOW HITPOINT WARNING * * *
Your foxfire dissipates!
The foxfire hits the ball python.
The ball python is severely wounded.
Casting: Foxfire (safe; 5% risk of failure)
Confirm with . or Enter, or press ? or * to list all spells.
You conjure some foxfire!
The ball python barely misses you. The ball python grabs you.
The ball python constricts you.
* * * LOW HITPOINT WARNING * * *
The ball python barely misses you. The ball python constricts you.
The endoplasm freezes you.
You are frozen.
You die...

#### ...## ##########
....## #........#
.....# #.......?#
.....# #[.......#
.....# #......vv# #
.....# #....>.ยง@#
##.# .....#
###..#.JS##.....
....#####...####)...#
.....##...### #...##
........### #.....#
.......## ......#
..).....# .##.?..#
........# .# .:...#
........# .. $......


You could see an endoplasm (ally target) and a ball python (ally target).

Vanquished Creatures
  A goblin (D:1)
  A hobgoblin (D:1)
  2 kobolds (D:1)
  A ball python (D:1)
  A rat (D:1)
6 creatures vanquished.

Vanquished Creatures (others)
  12 foxfires (D:1)
12 creatures vanquished.

Grand Total: 18 creatures vanquished

Notes
Turn   | Place    | Note
-------+----------+-------------------------------------------
     0 | D:1      | Ast3rio the Deep Elf Fire Elementalist began the quest for
                  | the Orb.
     0 | D:1      | Reached XP level 1. HP: 10/10 MP: 6/6
   236 | D:1      | Frozen to death by an endoplasm

Illustrated notes

Levels and vault maps discovered:
D:1:      eino_arrival_tree_alley, layout_rooms,
          shapermc_ecumenical_altar_ellora

Action                   || total
-------------------------++-------
 Cast: Foxfire           ||     9
Dodge: Dodged            ||     9
